 Dungeon Crawl Stone Soup version 0.22.1-2-g9c5b331383 (webtiles) character file.

2919 Ihlosi the Magician (level 10, -4/56 HPs)
             Began as a Kobold Ice Elementalist on Jan 5, 2019.
             Slain by a wight
             ... wielding a +3 morningstar
              (17 damage)
             ... on level 7 of the Dungeon.
             The game lasted 00:33:45 (11142 turns).

Ihlosi the Magician (Kobold Ice Elementalist)      Turns: 11142, Time: 00:33:46

Health: -4/56      AC:  7    Str:  6    XL:     10   Next: 6%
Magic:  2/20       EV: 23    Int: 18    God:
Gold:   411        SH:  0    Dex: 22    Spells: 14/23 levels left

rFire    . . .     SeeInvis .   a - +3 dagger (flame)
rCold    + . .     Gourm    .   (shield restricted)
rNeg     . . .     Faith    .   m - +0 robe
rPois    .         Spirit   .   g - +2 helmet
rElec    .         Reflect  .   r - +0 cloak
rCorr    .         Harm     .   (no gloves)
MR       .....                  d - +0 pair of boots
Stlth    ++++......             (no amulet)
HPRegen  0.18/turn              t - ring of flight
MPRegen  0.17/turn              k - ring of protection from cold

@: agile, very slightly contaminated, drained
A: small, carnivore
a: Evoke Flight


You were on level 7 of the Dungeon.
You were full.

You visited 1 branch of the dungeon, and saw 8 of its levels.
You also visited: Ossuary.

You collected 411 gold pieces.

Inventory:

Hand Weapons
 a - a +3 dagger of flaming (weapon)
 w - a +1 dagger of freezing
Armour
 d - a +0 pair of boots (worn)
 g - a +2 helmet (worn)
 i - a +2 shield of protection
 m - a +0 robe (worn)
 r - a +0 cloak (worn)
Magical Staves
 b - an uncursed staff of earth
Jewellery
 h - an uncursed ring of resist corrosion
 k - a ring of protection from cold (right hand)
 t - a ring of flight (left hand)
Wands
 e - a wand of polymorph (5)
 f - a wand of random effects (26)
Scrolls
 j - 4 scrolls of identify
 l - a scroll of fear
 n - 2 scrolls of remove curse
 o - 2 scrolls of teleportation
 p - a scroll of amnesia
 q - a scroll of enchant armour
 s - 2 scrolls of blinking
 u - a scroll of torment {unknown}
Comestibles
 c - 4 rations


   Skills:
 * Level 3.9(3.1) Fighting
 - Level 3.0(2.3) Short Blades
 - Level 1.0(0.3) Armour
 * Level 5.7(4.8) Dodging
 * Level 5.8(4.9) Stealth
 * Level 2.8(2.1) Shields
 * Level 7.0(6.2) Spellcasting
 * Level 3.7(2.9) Conjurations
 * Level 6.9(6.0) Ice Magic
 * Level 2.6(1.9) Evocations


You had 14 spell levels left.
You knew the following spells:

 Your Spells              Type           Power        Failure   Level  Hunger
a - Freeze                Ice            ####         1%          1    None
b - Throw Icicle          Conj/Ice       ###.....     19%         4    ####...
c - Summon Ice Beast      Ice/Summ       ###.....     32%         4    ####...

Your spell library contained the following spells:

 Spells                   Type           Power        Failure   Level  Hunger
 Throw Frost              Conj/Ice       ###...       2%          2    None
 Ozocubu's Armour         Chrm/Ice       ###.....     10%         3    ##.....
 Confusing Touch          Hex            #.....       12%         1    None
 Confuse                  Hex            #.......     34%         3    ##.....
 Gell's Gravitas          Tloc           #.........   34%         3    ##.....
 Metabolic Englaciation   Hex/Ice        ###.......   67%         5    #####..
 Petrify                  Tmut/Erth      #.......     75%         4    ####...
 Yara's Violent Unravell  Hex/Tmut       #.........   97%         5    #####..


Dungeon Overview and Level Annotations

Branches:
Dungeon (8/15)
 Temple: D:4-7         Lair: D:8-11

Altars:

Shops:
D:6 [

Annotations:
D:4 3 runed doors, Cykl0x's ghost, amateur NaAs
D:5 Sigmund


Innate Abilities, Weirdness & Mutations

You are small and have problems with some larger weapons.
You are carnivorous and can eat meat at any time.


Message History

The wight is severely damaged.
You closely miss the wight.
The wight is severely damaged.
The wight hits you with an enchanted morningstar.
You feel drained.
You hit the wight. You burn the wight.
The wight is almost destroyed.
The wight hits you with an enchanted morningstar.
* * * LOW HITPOINT WARNING * * *
You feel drained.
* * * LOW HITPOINT WARNING * * *
You hit the wight but do no damage.
The wight is almost destroyed.
You hit the wight. You burn the wight.
The wight is almost destroyed.
The wight completely misses you.
You hit the wight but do no damage.
The wight is almost destroyed.
The wight hits you with an enchanted morningstar!
You die...

###### ### ###.z..#
..#####....#.#######
#.......#..#...z@..#
#...>...#...######.#
...[.............#.#
#....).......###.#.#
......#..........#.#
......#........#<#.#
.#.......#.......#.#
.#.............#.#.#
.#..#...##.###.#...#


You could see a wight.

Vanquished Creatures
  A slime creature (D:7)
  2 yaks (D:7)
  A hog (D:5)
  A water moccasin (D:6)
  A phantom (D:6)
  5 ogres
  3 bullfrogs
  4 scorpions
  2 wights (D:7)
  2 howler monkeys
  2 crimson imps
  A bullfrog zombie (D:5)
  3 centaur zombies (Ossuary)
  A centaur skeleton (D:6)
  8 orc wizards
  Crazy Yiuf (D:4)
  An orc priest (D:3)
  3 hounds
  2 iguanas
  A bullfrog skeleton (D:8)
  5 worker ants
  2 big kobold zombies (Ossuary)
  A hound zombie (D:8)
  2 mummies (Ossuary)
  A worker ant zombie (D:7)
  Robin (D:4)
  3 gnolls (D:4)
  9 adders
  An adder skeleton (D:6)
  2 adder zombies (Ossuary)
  2 worms
  3 dart slugs (D:1)
  7 leopard geckos
  16 orcs
  A giant cockroach (D:1)
  13 goblins
  6 hobgoblins
  8 jackals
  11 kobolds
  6 quokkas
  9 bats
  4 frilled lizards
  A goblin zombie (Ossuary)
  10 hobgoblin zombies (Ossuary)
  A jackal zombie (Ossuary)
  8 kobold zombies (Ossuary)
  A leopard gecko skeleton (D:6)
  9 orc zombies (Ossuary)
  A quokka zombie (D:6)
  7 rats
  A rat zombie (Ossuary)
197 creatures vanquished.

Vanquished Creatures (others)
  2 slaves (D:5)
  An orc (D:5)
3 creatures vanquished.

Grand Total: 200 creatures vanquished

Notes
Turn   | Place    | Note
-------+----------+-------------------------------------------
     0 | D:1      | Ihlosi the Kobold Ice Elementalist began the quest for the
                  | Orb.
     0 | D:1      | Reached XP level 1. HP: 10/10 MP: 3/3
   165 | D:1      | Reached XP level 2. HP: 15/15 MP: 0/5
   500 | D:1      | Reached XP level 3. HP: 18/20 MP: 1/6
  1078 | D:2      | Reached XP level 4. HP: 20/24 MP: 3/8
  1089 | D:2      | Learned a level 4 spell: Throw Icicle
  1370 | D:2      | Reached skill level 3 in Spellcasting
  2120 | D:3      | Reached skill level 1 in Fighting
  2338 | D:3      | Reached XP level 5. HP: 27/29 MP: 6/9
  3251 | D:4      | Reached XP level 6. HP: 31/34 MP: 7/11
  3335 | D:4      | Found a runed gate.
  3335 | D:4      | Found a runed gate.
  3336 | D:4      | Found a runed gate.
  3346 | D:4      | Noticed Cykl0x's ghost (amateur NaAs)
  3440 | D:4      | Reached skill level 1 in Armour
  3446 | D:4      | Reached skill level 4 in Spellcasting
  3545 | D:4      | Noticed an ogre
  3600 | D:4      | Noticed Robin
  3809 | D:4      | Killed Robin
  3986 | D:4      | Noticed an ogre
  4183 | D:5      | Entered Level 5 of the Dungeon
  4199 | D:5      | Reached skill level 1 in Shields
  4199 | D:5      | Reached XP level 7. HP: 28/38 MP: 3/13
  4484 | D:5      | Noticed Sigmund
  4650 | D:4      | Reached skill level 5 in Ice Magic
  4815 | D:4      | Found a runed door.
  4819 | D:4      | Noticed Crazy Yiuf
  4824 | D:4      | Killed Crazy Yiuf
  5158 | D:4      | Found a runed gate.
  5158 | D:4      | Found a runed gate.
  5159 | D:4      | Found a runed gate.
  5808 | D:3      | Reached skill level 5 in Spellcasting
  5808 | D:3      | Reached XP level 8. HP: 30/44 MP: 7/15
  6034 | D:5      | Reached skill level 1 in Short Blades
  6689 | D:6      | Learned a level 4 spell: Summon Ice Beast
  6753 | D:6      | Found Itaoney's Armour Shop.
  7097 | D:6      | Reached XP level 9. HP: 50/50 MP: 17/17
  7193 | D:7      | Found a sand-covered staircase.
  7200 | Ossuary  | Entered an ossuary
  7466 | Ossuary  | Reached skill level 1 in Evocations
  7525 | Ossuary  | Reached skill level 5 in Stealth
  7525 | Ossuary  | Reached skill level 6 in Spellcasting
  7903 | D:7      | Reached skill level 5 in Dodging
  7949 | D:7      | Noticed a two-headed ogre
  7949 | D:7      | Noticed a slime creature
  7978 | D:7      | Killed a slime creature
  8224 | D:7      | Noticed a hornet
  8332 | D:5      | Noticed Pikel
  8339 | D:5      | Noticed Pikel
  8339 | D:5      | Pikel changed into Pikel the hog
  8359 | D:5      | Killed Pikel the hog
  8683 | D:5      | Noticed Edmund
  8697 | D:5      | Noticed Edmund
  8697 | D:5      | Edmund changed into Edmund the howler monkey
  8702 | D:5      | Killed Edmund the howler monkey
 11002 | D:7      | Reached XP level 10. HP: 36/56 MP: 4/20
 11017 | D:7      | Reached skill level 7 in Spellcasting
 11142 | D:7      | Slain by a wight

Skill      XL: |  1  2  3  4  5  6  7  8  9 10 |
---------------+-------------------------------+-----
Stealth        | 3 4 5 |  5.8
Spellcasting   | 3 4 5 6 7 |  7.0
Fighting       | 1 2 3 |  3.9
Dodging        | 3 4 5 |  5.7
Ice Magic      | 4 5 6 |  6.9
Armour         | 1 |  1.0
Shields        | 1 2 |  2.8
Conjurations   | 2 3 |  3.7
Short Blades   | 2 3 |  3.0
Evocations     | 2 |  2.6

Action                   |  1- 3 |  4- 6 |  7- 9 | 10-12 || total
-------------------------+-------+-------+-------+-------++-------
Melee: Unarmed           |    11 |    11 |       |       ||    22
       Dagger            |       |    31 |   326 |    15 ||   372
 Cast: Freeze            |    43 |   115 |   118 |     7 ||   283
       Throw Icicle      |       |     1 |    22 |     3 ||    26
Evoke: Wand              |       |       |     5 |     1 ||     6
  Use: Scroll            |     3 |       |     8 |       ||    11
       Potion            |       |     6 |     6 |     1 ||    13
 Stab: Sleeping          |       |     3 |     6 |       ||     9
       Distracted        |       |       |     3 |       ||     3
  Eat: Chunk             |     9 |     8 |    21 |     3 ||    41
Armor: Robe              |    15 |    27 |    99 |     2 ||   143
       Skin              |       |     6 |       |       ||     6
Dodge: Dodged            |    40 |    96 |   408 |    13 ||   557
